 Dungeon Crawl Stone Soup version 0.29.1-15-g9cfb28693d (webtiles) character file.

Game seed: 7320940743337323207

71 croobank the Conjurer (level 4, -4/48 HPs)
             Began as a Gnoll Conjurer on May 2, 2023.
             Was a Follower of Trog.
             Slain by an orc priest
             ... wielding a +0 mace
              (8 damage)
             ... on level 3 of the Dungeon.
             The game lasted 00:06:29 (2834 turns).

croobank the Conjurer (Gnoll Conjurer)              Turns: 2834, Time: 00:06:30

Health: -4/48      AC:  3    Str:  7    XL:     4   Next: 24%
Magic:  20/20      EV: 13    Int: 19    God:    Trog [*.....]
Gold:   133        SH:  0    Dex: 10    Spells: 10/13 levels left

rFire   . . .      SeeInvis +   a - +1 dagger (freeze)
rCold   . . .      Faith    .   (no shield)
rNeg    . . .      Spirit   .   c - +0 robe
rPois   .          Reflect  .   (no helmet)
rElec   .          Harm     .   (no cloak)
rCorr   .          Rampage  .   q - +0 pair of gloves
Will    .....                   (no boots)
Stlth   ..........              (no amulet)
HPRegen 0.16/turn               j - ring of magical power
MPRegen 0.17/turn               k - ring of see invisible

@: berserking, very quick
A: fangs 1, strong nose, distributed training
a: Renounce Religion, Berserk


You were on level 3 of the Dungeon.
You worshipped Trog.
Trog was aware of your devotion.
You visited 1 branch of the dungeon, and saw 3 of its levels.

You collected 133 gold pieces.

Inventory:

Hand Weapons
 a - a +1 dagger of freezing (weapon)
 b - a +0 sling
 e - a +0 short sword
 h - a +0 falchion
Armour
 c - a +0 robe (worn)
 m - a +0 leather armour
 q - a +0 pair of gloves (worn)
 r - a +0 ring mail
Jewellery
 j - a ring of magical power (left hand)
 k - a ring of see invisible (right hand)
 p - a ring of positive energy
Wands
 o - a wand of flame (18)
Scrolls
 d - 3 scrolls of identify {unknown}
 g - 2 scrolls of teleportation {unknown}
 l - a scroll of butterflies {unknown}
 s - 2 scrolls of vulnerability {unknown}
Potions
 f - a potion of magic
 i - a potion of brilliance {unknown}
 n - 2 potions of heal wounds {unknown}
 t - a potion of invisibility {unknown}


   Skills:
 + Level 1.1 Fighting
 + Level 1.1 Short Blades
 + Level 1.1 Long Blades
 + Level 1.1 Axes
 + Level 1.1 Maces & Flails
 + Level 1.1 Polearms
 + Level 1.1 Staves
 + Level 1.1 Ranged Weapons
 + Level 1.1 Throwing
 + Level 1.1 Armour
 + Level 4.6 Dodging
 + Level 4.2 Stealth
 + Level 1.1 Shields
 + Level 1.1 Unarmed Combat
 + Level 5.1 Spellcasting
 + Level 7.1 Conjurations
 + Level 0.9 Hexes
 + Level 0.9 Summonings
 + Level 0.9 Necromancy
 + Level 0.9 Translocations
 + Level 0.9 Transmutations
 + Level 0.9 Fire Magic
 + Level 0.9 Ice Magic
 + Level 0.9 Air Magic
 + Level 0.9 Earth Magic
 + Level 0.9 Poison Magic
 + Level 1.2 Invocations
 + Level 1.1 Evocations


You had 10 spell levels left.
You knew the following spells:

 Your Spells              Type           Power      Damage    Failure   Level
a - Magic Dart            Conj           100%       1d8       1%          1
b - Searing Ray           Conj           64%        2d6       1%          2

Your spell library contained the following spells:

 Spells                   Type           Power      Damage    Failure   Level
 Dazzling Flash           Conj/Hex       40%        N/A       7%          3
 Fulminant Prism          Conj/Hex       10%        3d9       24%         4
 Iskenderun's Mystic Bla  Conj/Tloc      20%        2d6       24%         4


Dungeon Overview and Level Annotations

Branches:
Dungeon (3/15)

Altars:
Trog
Wu Jian

Shops:
D:1 =[:*


Innate Abilities, Weirdness & Mutations

You have very sharp teeth.
Your uncanny sense of smell can sniff out nearby items.
Your experience applies equally to all skills.


Message History

The helpless orc fails to defend itself.
You puncture the orc! You freeze the orc.
You kill the orc!
Trog accepts your kill.
The orc shouts!
The orc priest shouts! x2; You hear a shout! x3
The orc hits you with a +0 whip.
You closely miss the orc.
The orc shouts!
The orc hits you with a +0 whip.
You hit the orc. You freeze the orc.
The orc is moderately wounded.
The orc priest casts a cantrip, but nothing happens.
The orc barely misses you.
You hit the orc but do no damage.
The orc is moderately wounded.
The orc hits you with a +0 whip.
You closely miss the orc.
The orc is moderately wounded.
The orc priest invokes the aid of Beogh against you.
Beogh smites you! The orc hits you with a +0 whip.
You are too injured to fight recklessly!
You are too injured to fight recklessly!
A red film seems to cover your vision as you go berserk!
You feel yourself moving faster!
You feel mighty!
The orc priest invokes the aid of Beogh against you.
Beogh smites you!
* * * LOW HITPOINT WARNING * * *
The orc misses you.
You puncture the orc! You freeze the orc.
You kill the orc!
Trog accepts your kill.
The orc priest looks encouraged for a moment.
You hit the orc. You freeze the orc.
The orc is severely wounded.
The orc closely misses you.
You puncture the orc! You freeze the orc.
You kill the orc!
Trog accepts your kill. The orc priest hits you with a +0 mace!
You die...

######.#
#<.....#
#.###### #.#
#.#
##.##.######...
#....).@oo.....
##....#######..
#.#### ... ...
∆ ..? ...


You could see 2 orc priests.

Vanquished Creatures
  2 adders (D:2)
  A dart slug (D:1)
  3 orcs (D:3)
  2 ball pythons
  2 endoplasms
  A giant cockroach (D:2)
  7 goblins
  4 hobgoblins
  4 quokkas
  4 bats
  4 frilled lizards (D:1)
  7 kobolds
  5 rats
46 creatures vanquished.

Notes
Turn   | Place    | Note
-------+----------+-------------------------------------------
     0 | D:1      | croobank the Gnoll Conjurer began the quest for the Orb.
     0 | D:1      | Reached XP level 1. HP: 13/13 MP: 6/6
   109 | D:1      | Found Mocic's Book Shoppe.
   161 | D:1      | Reached XP level 2. HP: 9/19 MP: 3/7
   357 | D:1      | Found Ateag's Assorted Antiques.
   376 | D:1      | Learned a level 2 spell: Searing Ray
   800 | D:1      | Found Enubazisch's Armour Emporium.
  1268 | D:1      | Reached skill level 5 in Spellcasting
  1268 | D:1      | Reached XP level 3. HP: 21/25 MP: 5/9
  1507 | D:1      | Found Hive's Jewellery Emporium.
  1897 | D:2      | Reached skill level 1 in Invocations
  2071 | D:2      | Reached skill level 1 in Fighting
  2071 | D:2      | Reached skill level 1 in Short Blades
  2071 | D:2      | Reached skill level 1 in Long Blades
  2071 | D:2      | Reached skill level 1 in Axes
  2071 | D:2      | Reached skill level 1 in Maces & Flails
  2071 | D:2      | Reached skill level 1 in Polearms
  2071 | D:2      | Reached skill level 1 in Staves
  2071 | D:2      | Reached skill level 1 in Ranged Weapons
  2071 | D:2      | Reached skill level 1 in Throwing
  2071 | D:2      | Reached skill level 1 in Armour
  2071 | D:2      | Reached skill level 1 in Shields
  2071 | D:2      | Reached skill level 1 in Unarmed Combat
  2071 | D:2      | Reached skill level 1 in Evocations
  2146 | D:2      | Reached XP level 4. HP: 19/32 MP: 11/11
  2384 | D:2      | Found an ornate altar of the Wu Jian Council.
  2478 | D:2      | Found a faded altar of an unknown god.
  2714 | D:2      | Prayed at the altar of an unknown god.
  2714 | D:2      | Became a worshipper of Trog the Wrathful
  2714 | D:2      | Reached * piety under Trog
  2834 | D:3      | Slain by an orc priest

Illustrated notes

Levels and vault maps discovered:
D:1:      psy_arrival_terrarium, layout_basic, serial_shops, shop_statue, shop,
          shop, nicolae_square_shop, minmay_strange_pillars,
          hangedman_decor_points, bh_walls_and_bars
D:2:      layout_loops_cross, basic_altar, shapermc_ecumenical_altar_flowoftime
D:3:      layout_loops_ring, grunt_temple_overflow_open, serial_shops, shop,
          hangedman_abyss_or_decor_stabs, uniq_ijyb, uniq_jessica

Skill      XL: |  1  2  3 |
---------------+----------+-----
Spellcasting   | 5 |  5.1
Invocations    | 1 |  1.2
Fighting       | 1 |  1.1
Short Blades   | 1 |  1.1
Long Blades    | 1 |  1.1
Axes           | 1 |  1.1
Maces & Flails | 1 |  1.1
Polearms       | 1 |  1.1
Staves         | 1 |  1.1
Ranged Weapons | 1 |  1.1
Throwing       | 1 |  1.1
Armour         | 1 |  1.1
Shields        | 1 |  1.1
Unarmed Combat | 1 |  1.1
Evocations     | 1 |  1.1
Dodging        | |  4.6
Stealth        | |  4.2
Conjurations   | |  7.1
Hexes          | |  0.9
Summonings     | |  0.9
Necromancy     | |  0.9
Translocations | |  0.9
Transmutations | |  0.9
Fire Magic     | |  0.9
Ice Magic      | |  0.9
Air Magic      | |  0.9
Earth Magic    | |  0.9
Poison Magic   | |  0.9

Action                   |  1- 3 |  4- 6 || total
-------------------------+-------+-------++-------
Melee: Dagger            |    24 |    14 ||    38
       Bite              |     5 |       ||     5
       Unarmed           |     2 |       ||     2
 Cast: Magic Dart        |    25 |       ||    25
       Searing Ray       |    17 |     3 ||    20
Invok: Berserk           |       |     1 ||     1
 Stab: Sleeping          |     4 |     4 ||     8
Armor: Robe              |     3 |     3 ||     6
Dodge: Dodged            |    31 |     7 ||    38
